 Dungeon Crawl Stone Soup version 0.20-b1-12-g5827e59 (webtiles) character file.

16 ChaseSP the Digger (level 2, 4/15 HPs)
             Began as a Gargoyle Earth Elementalist on May 24, 2017.
             Quit the game on level 1 of the Dungeon.
             The game lasted 00:01:44 (555 turns).

ChaseSP the Digger (Gargoyle Earth Elementalist)     Turns: 555, Time: 00:01:44

Health: 4/15       AC:  1    Str: 11    XL:     2   Next: 58%
Magic:  0/5        EV: 12    Int: 15    God:
Gold:   28         SH:  0    Dex: 10    Spells: 4/5 levels left

rFire    . . .     SeeInvis .   g - +0 short sword
rCold    . . .     Gourm    .   (no shield)
rNeg     + . .     Faith    .   c - +0 robe
rPois    ∞         Spirit   +   (no helmet)
rElec    +         Reflect  .   (no cloak)
rCorr    .         Harm     .   (no gloves)
MR       .....                  (no boots)
Stlth    ++........             f - amulet of guardian spirit
Regen    0.1/turn               j - -3 ring of protection (curse)
MPRegen  0.1/turn               (no ring)

@: very slightly contaminated
A: negative energy resistance 1, electricity resistance, unbreathing,
petrification resistance, rot immunity, AC +2
a: no special abilities


You were on level 1 of the Dungeon.
You were not hungry.

You visited 1 branch of the dungeon, and saw 1 of its levels.

You collected 28 gold pieces.

Inventory:

Hand Weapons
 g - a +0 short sword (weapon)
Missiles
 b - 30 stones (quivered)
Armour
 c - a +0 robe (worn)
Jewellery
 f - an amulet of guardian spirit (around neck)
 j - a cursed -3 ring of protection (left hand)
Potions
 h - a potion of berserk rage
Books
 e - a book of Geomancy

   Spells                             Type                      Level
   a - Sandblast                      Earth                        1
   b - Passwall                       Transmutation/Earth          2
   c - Stone Arrow                    Conjuration/Earth            3
   d - Petrify                        Transmutation/Earth          4
   e - Lee's Rapid Deconstruction     Earth                        5
Comestibles
 a - a royal jelly
 d - a bread ration
 i - 4 chunks of flesh


   Skills:
 - Level 1.5 Dodging
 - Level 2.1 Stealth
 - Level 2.0 Spellcasting
   Level 0.7 Transmutations
 * Level 4.6 Earth Magic


You had 4 spell levels left.
You knew the following spells:

 Your Spells              Type           Power        Failure   Level  Hunger
a - Sandblast             Erth           ###...       3%          1    #......


Dungeon Overview and Level Annotations

Branches:
Dungeon (1/15)

Altars:


Innate Abilities, Weirdness & Mutations

You are resistant to torment.
Your stone body is resilient. (AC +2)
You are immune to poison.
You resist negative energy. (rN+)
You are resistant to electric shocks. (rElec)
You can survive without breathing.
You are immune to petrification.
You are immune to rotting.


Message History

Casting: Sandblast
Confirm with . or Enter, or press ? or * to list all spells.
Aiming: Sandblast
Press: ? - help, Shift-Dir - straight line, f/p - kobold
Aim: a kobold, wearing a triangular garnet amulet The blast of sand hits the kobold.
You kill the kobold!
b - 30 stones Unknown command.
Are you sure you want to abandon this character and quit the game? (Confirm with "yes".)
Okay, then.
f - a triangular garnet amulet You see here a kobold corpse.
Put on which piece of jewellery? (? for menu, Esc to quit)
You feel your power drawn to a protective spirit.
f - an amulet of guardian spirit (around neck) Unknown command.
Quiver which item? (- for none, * to show all) (? for menu, Esc to quit)
Okay, then.
Are you sure you want to abandon this character and quit the game? (Confirm with "yes".)

.....##.........#................
.....##.........#........##+#
.....##.........####.....#
.....##.........####....
.....##.................
.....##.................
.....######...........##
.##########...###....... ##
.......†....@......#
...................#
....................
..................#+
.........#######.... ..........
.... .......... ... ......... ..


There were no monsters in sight!

Vanquished Creatures
  2 leopard geckos (D:1)
  4 giant cockroaches (D:1)
  2 hobgoblins (D:1)
  A bat (D:1)
  4 kobolds (D:1)
  A rat (D:1)
14 creatures vanquished.

Notes
Turn   | Place    | Note
-------+----------+-------------------------------------------
     0 | D:1      | ChaseSP the Gargoyle Earth Elementalist began the quest for the Orb.
     0 | D:1      | Reached XP level 1. HP: 10/10 MP: 3/3
     2 | D:1      | Noticed a halfling
     2 | D:1      | Noticed a formicid
     4 | D:1      | Noticed a troll
     6 | D:1      | Noticed a human
     6 | D:1      | Noticed a ghoul
     8 | D:1      | Noticed an octopode
     8 | D:1      | Noticed an ogre
    10 | D:1      | Noticed a demonspawn
    12 | D:1      | Noticed a spriggan
    12 | D:1      | Noticed a dwarf
    14 | D:1      | Noticed a felid
    14 | D:1      | Noticed a minotaur
    16 | D:1      | Noticed a centaur
    16 | D:1      | Noticed a merfolk
    18 | D:1      | Noticed a vampire
    18 | D:1      | Noticed a vine stalker
    20 | D:1      | Noticed a gargoyle
    20 | D:1      | Noticed a demigod
    22 | D:1      | Noticed a tengu
    22 | D:1      | Noticed a draconian
    24 | D:1      | Noticed an elf
    26 | D:1      | Noticed a naga
    92 | D:1      | Reached skill level 4 in Earth Magic
   311 | D:1      | Reached XP level 2. HP: 9/15 MP: 5/5
   555 | D:1      | Quit the game

Skill      XL: |  1 |
---------------+----+-----
Earth Magic    | 4 |  4.6
Dodging        | |  1.5
Stealth        | |  2.1
Spellcasting   | |  2.0
Transmutations | |  0.7

Action                   || total
-------------------------++-------
Melee: Unarmed           ||    25
       Short sword       ||    30
 Cast: Sandblast         ||     3
  Use: Scroll            ||     2
Armor: Robe              ||    14
Dodge: Dodged            ||    41
